TOP OF THE 1ST |
Miami Marlins batting - Pitching for Arizona Diamondbacks : LHP Tim Wybenga
|
Pitching: LHP Tim Wybenga
|
|
Batting: RHB Roger Salazar
|
0-0: Ball 1-0: Ball 2-0: Called Strike 2-1: Foul Ball, location: 2F 2-2: Strikes out swinging
|
Batting: RHB Micah Christopher
|
0-0: Ball 1-0: Called Strike 1-1: Swinging Strike 1-2: Foul Ball, location: 2F 1-2: Strikes out swinging
|
Batting: LHB Andre Gorter
|
0-0: Ball 1-0: Ball 2-0: Foul Ball, location: 2F 2-1: Ball 3-1: Base on Balls
|
Batting: RHB Jimmy Groseclose
|
0-0: Called Strike 0-1: Ball 1-1: Foul Ball, location: 2F 1-2: Strikes out swinging
|
Top of the 1st over - 0 runs, 0 hits, 0 errors, 1 left on base; Miami 0 - Arizona 0 |
BOTTOM OF THE 1ST |
Arizona Diamondbacks batting - Pitching for Miami Marlins : RHP Oscar Banda
|
Pitching: RHP Oscar Banda
|
|
Batting: RHB Katilimomi Kelekolio
|
0-0: Called Strike 0-1: Fly out, F6 (Popup, 6D, EV 51.2 MPH)
|
Batting: LHB Eric Klasek
|
0-0: Called Strike 0-1: Fly out, F7 (Line Drive, 7S, EV 87.5 MPH)
|
Batting: RHB Andy Swaim
|
0-0: Ball 1-0: Called Strike 1-1: Ball 2-1: SINGLE (Groundball, 6MS, EV 74.4 MPH) (infield hit)
|
Batting: SHB Alec Thorpe
|
0-0: Swinging Strike 0-1: Called Strike 0-2: Strikes out swinging
|
Bottom of the 1st over - 0 runs, 1 hit, 0 errors, 1 left on base; Miami 0 - Arizona 0 |
TOP OF THE 2ND |
Miami Marlins batting - Pitching for Arizona Diamondbacks : LHP Tim Wybenga
|
Batting: LHB Brad Turner
|
0-0: Ball 1-0: Called Strike 1-1: Swinging Strike 1-2: Strikes out swinging
|
Batting: RHB Bert Clark
|
0-0: Foul Ball, location: 2F 0-1: Swinging Strike 0-2: Ball 1-2: Ball 2-2: SINGLE (Flyball, 6D, EV 91.9 MPH)
|
Batting: SHB Tze-meng Gan
|
0-0: Foul Ball, location: 2F 0-1: Foul Ball, location: 2F 0-2: Ball 1-2: Fielders Choice at 2nd, 5-4 (Groundball, 5L, EV 90.6 MPH)
|
Batting: RHB Alberto Cotto
|
0-0: Called Strike 0-1: Ball 1-1: Swinging Strike 1-2: Ball 2-2: Foul Ball, location: 2F 2-2: Foul Ball, location: 2F 2-2: Ball 3-2: Strikes out looking
|
Top of the 2nd over - 0 runs, 1 hit, 0 errors, 1 left on base; Miami 0 - Arizona 0 |
BOTTOM OF THE 2ND |
Arizona Diamondbacks batting - Pitching for Miami Marlins : RHP Oscar Banda
|
Batting: RHB Ruben Velasco
|
0-0: Foul Ball, location: 2F 0-1: Swinging Strike 0-2: Strikes out looking
|
Batting: LHB Roy Steigerwald
|
0-0: Ball 1-0: Fly out, F9 (Flyball, 9LD, EV 92.5 MPH)
|
Batting: RHB Jim Zucco
|
0-0: Foul Ball, location: 2F 0-1: Foul Ball, location: 2F 0-2: Foul Ball, location: 2F 0-2: Ball 1-2: Ball 2-2: Fly out, F9 (Flyball, 89M, EV 75.6 MPH)
|
Bottom of the 2nd over - 0 runs, 0 hits, 0 errors, 0 left on base; Miami 0 - Arizona 0 |
TOP OF THE 3RD |
Miami Marlins batting - Pitching for Arizona Diamondbacks : LHP Tim Wybenga
|
Batting: RHB Steve Barnard
|
0-0: Called Strike 0-1: Called Strike 0-2: Fly out, F8 (Flyball, 8RM, EV 92.5 MPH)
|
Batting: RHB Roger Salazar
|
0-0: Called Strike 0-1: Foul Ball, location: 2F 0-2: Ball 1-2: Ball 2-2: SINGLE (Line Drive, 4D, EV 97.5 MPH)
|
Batting: RHB Micah Christopher
|
0-0: Ball 1-0: SINGLE (Groundball, 3D, EV 110.6 MPH) Roger Salazar to second Runner from 2nd tries for 3rd, OUT! 9-5 Micah Christopher to second
|
Batting: LHB Andre Gorter
|
0-0: Foul Ball, location: 2F 0-1: Foul Ball, location: 2F 0-2: Ball 1-2: Strikes out looking
|
Top of the 3rd over - 0 runs, 2 hits, 0 errors, 1 left on base; Miami 0 - Arizona 0 |
BOTTOM OF THE 3RD |
Arizona Diamondbacks batting - Pitching for Miami Marlins : RHP Oscar Banda
|
Batting: LHB Bobby Arevalo
|
0-0: DOUBLE (Line Drive, 78D, EV 104.4 MPH)
|
Batting: LHB Mike Mentzer
|
0-0: Foul Ball, location: 2F 0-1: Ground out 1-3 (Groundball, 34S, EV 70.0 MPH) Bobby Arevalo to third
|
Batting: RHB Katilimomi Kelekolio
|
0-0: Called Strike 0-1: Ball 1-1: Called Strike 1-2: Strikes out looking
|
Batting: LHB Eric Klasek
|
0-0: Called Strike 0-1: SINGLE (Line Drive, 9S, EV 105.0 MPH) Bobby Arevalo scores
|
Batting: RHB Andy Swaim
|
0-0: Ball 1-0: Ball 2-0: Called Strike 2-1: Foul Ball, location: 2F 2-2: Strikes out looking
|
Bottom of the 3rd over - 1 run, 2 hits, 0 errors, 1 left on base; Miami 0 - Arizona 1 |
TOP OF THE 4TH |
Miami Marlins batting - Pitching for Arizona Diamondbacks : LHP Tim Wybenga
|
Batting: RHB Jimmy Groseclose
|
0-0: Swinging Strike 0-1: Called Strike 0-2: Strikes out swinging
|
Batting: LHB Brad Turner
|
0-0: Ball 1-0: Foul Ball, location: 2F 1-1: Foul Ball, location: 2F 1-2: Ball 2-2: Strikes out swinging
|
Batting: RHB Bert Clark
|
0-0: Called Strike 0-1: Foul Ball, location: 2F 0-2: Ball 1-2: Ball 2-2: Foul Ball, location: 2F 2-2: Fly out, F9 (Flyball, 89S, EV 88.1 MPH)
|
Top of the 4th over - 0 runs, 0 hits, 0 errors, 0 left on base; Miami 0 - Arizona 1 |
BOTTOM OF THE 4TH |
Arizona Diamondbacks batting - Pitching for Miami Marlins : RHP Oscar Banda
|
Batting: SHB Alec Thorpe
|
0-0: Ball 1-0: Ball 2-0: Ball 3-0: Called Strike 3-1: Ground out 4-3 (Groundball, 4, EV 100.0 MPH)
|
Batting: RHB Ruben Velasco
|
0-0: Ball 1-0: Ball 2-0: Ball 3-0: Base on Balls
|
Batting: LHB Roy Steigerwald
|
0-0: Called Strike 0-1: Ball 1-1: Called Strike 1-2: Foul Ball, location: 2F 1-2: Ball 2-2: Fly out, F9 (Flyball, 9LM, EV 100.6 MPH)
|
Batting: RHB Jim Zucco
|
0-0: Ball 1-0: DOUBLE (Groundball, 5L, EV 106.2 MPH) Ruben Velasco to third Runner from 3rd tries for Home, SAFE, no throw by LF
|
Batting: LHB Bobby Arevalo
|
0-0: Swinging Strike 0-1: Foul Ball, location: 2F 0-2: Strikes out looking
|
Bottom of the 4th over - 1 run, 1 hit, 0 errors, 1 left on base; Miami 0 - Arizona 2 |
TOP OF THE 5TH |
Miami Marlins batting - Pitching for Arizona Diamondbacks : LHP Tim Wybenga
|
Batting: SHB Tze-meng Gan
|
0-0: Ball 1-0: Ball 2-0: Ball 3-0: Called Strike 3-1: Foul Ball, location: 2F 3-2: SINGLE (Flyball, 9S, EV 90.6 MPH)
|
Batting: RHB Alberto Cotto
|
0-0: Called Strike 0-1: Called Strike 0-2: Ball Wild Pitch! Tze-meng Gan to second 1-2: Strikes out swinging
|
Batting: RHB Steve Barnard
|
0-0: Ground out 4-3 (Groundball, 4M, EV 87.5 MPH) Tze-meng Gan to third
|
Batting: RHB Roger Salazar
|
0-0: Called Strike 0-1: Fly out, F9 (Flyball, 89S, EV 98.8 MPH)
|
Top of the 5th over - 0 runs, 1 hit, 0 errors, 1 left on base; Miami 0 - Arizona 2 |
BOTTOM OF THE 5TH |
Arizona Diamondbacks batting - Pitching for Miami Marlins : RHP Oscar Banda
|
Batting: LHB Mike Mentzer
|
0-0: Ball 1-0: Called Strike 1-1: Foul Ball, location: 2F 1-2: DOUBLE (Line Drive, 78M, EV 90.6 MPH)
|
Batting: RHB Katilimomi Kelekolio
|
0-0: Foul Ball, location: 2F 0-1: Foul Ball, location: 2F 0-2: Ball 1-2: Ground out 4-3 (Groundball, 4, EV 85.6 MPH) Mike Mentzer to third
|
Batting: LHB Eric Klasek
|
0-0: DOUBLE (Line Drive, 7LM, EV 97.5 MPH) Mike Mentzer scores
|
Batting: RHB Andy Swaim
|
0-0: Ball 1-0: Fly out, F7 (Flyball, 78M, EV 83.1 MPH)
|
Batting: SHB Alec Thorpe
|
0-0: Swinging Strike 0-1: Foul Ball, location: 2F 0-2: SINGLE (Groundball, 34D, EV 112.5 MPH) Eric Klasek to third Runner from 3rd tries for Home, SAFE, throw by RF to home
|
Batting: RHB Ruben Velasco
|
0-0: Ball 1-0: Ball 2-0: Foul Ball, location: 2F 2-1: Swinging Strike 2-2: Foul Ball, location: 2F 2-2: Ball 3-2: Foul Ball, location: 2F 3-2: SINGLE (Line Drive, 89S, EV 90.0 MPH) Alec Thorpe to second Alec Thorpe to third
|
Batting: LHB Roy Steigerwald
|
0-0: Called Strike 0-1: Called Strike 0-2: Strikes out swinging
|
Bottom of the 5th over - 2 runs, 4 hits, 0 errors, 2 left on base; Miami 0 - Arizona 4 |
TOP OF THE 6TH |
Miami Marlins batting - Pitching for Arizona Diamondbacks : LHP Tim Wybenga
|
Batting: RHB Micah Christopher
|
0-0: Called Strike 0-1: Foul Ball, location: 2F 0-2: Ball 1-2: Foul Ball, location: 2F 1-2: Ball 2-2: Strikes out swinging
|
Batting: LHB Andre Gorter
|
0-0: Called Strike 0-1: Swinging Strike 0-2: Ball 1-2: Strikes out swinging
|
Batting: RHB Jimmy Groseclose
|
0-0: Swinging Strike 0-1: Swinging Strike 0-2: Ball 1-2: Foul Ball, location: 2F 1-2: Ball 2-2: Ball 3-2: Strikes out swinging
|
Top of the 6th over - 0 runs, 0 hits, 0 errors, 0 left on base; Miami 0 - Arizona 4 |
BOTTOM OF THE 6TH |
Arizona Diamondbacks batting - Pitching for Miami Marlins : RHP Oscar Banda
|
Batting: RHB Jim Zucco
|
0-0: Swinging Strike 0-1: Ball 1-1: SINGLE (Groundball, 56D, EV 109.4 MPH)
|
Batting: LHB Bobby Arevalo
|
0-0: Ball 1-0: Fly out, F5 (Line Drive, 6, EV 67.5 MPH)
|
Batting: LHB Mike Mentzer
|
0-0: Ball 1-0: SINGLE (Groundball, 34D, EV 96.2 MPH) Jim Zucco to second Runner from 2nd tries for 3rd, SAFE, throw by RF made to third Mike Mentzer to second
|
Batting: RHB Katilimomi Kelekolio
|
0-0: Foul Ball, location: 2F 0-1: Called Strike 0-2: Ball 1-2: Ball 2-2: Foul Ball, location: 2F 2-2: Ball 3-2: Foul Ball, location: 2F 3-2: SINGLE (Groundball, 56, EV 107.5 MPH) (infield hit) Jim Zucco scores Mike Mentzer to third
|
Pitching: RHP Nick Newmaster
|
|
Batting: LHB Eric Klasek
|
0-0: Ball Katilimomi Kelekolio steals 2nd, throwing error, E2 Mike Mentzer scores Katilimomi Kelekolio to third 1-0: Foul Ball, location: 2F 1-1: Foul Ball, location: 2F 1-2: Ball 2-2: Strikes out swinging
|
Batting: RHB Andy Swaim
|
0-0: Called Strike 0-1: Foul Ball, location: 2F 0-2: Ball 1-2: Foul Ball, location: 2F 1-2: SINGLE (Groundball, 4M, EV 101.9 MPH) (infield hit) Katilimomi Kelekolio scores
|
Batting: SHB Alec Thorpe
|
0-0: Called Strike 0-1: Ball 1-1: Ball 2-1: Called Strike 2-2: Strikes out swinging wild pitch, reaches first! Andy Swaim to second
|
Batting: RHB Ruben Velasco
|
0-0: Ball 1-0: Ball 2-0: Ground out 6-3 (Groundball, 6S, EV 90.6 MPH)
|
Bottom of the 6th over - 3 runs, 4 hits, 1 error, 2 left on base; Miami 0 - Arizona 7 |
TOP OF THE 7TH |
Miami Marlins batting - Pitching for Arizona Diamondbacks : LHP Tim Wybenga
|
Batting: LHB Brad Turner
|
0-0: Ball 1-0: Called Strike 1-1: Foul Ball, location: 2F 1-2: Ball 2-2: Ball 3-2: Foul Ball, location: 2F 3-2: Fly out, F8 (Flyball, 8LD, EV 79.4 MPH)
|
Pinch Hitting: RHB Adam McGurn
|
0-0: Ball 1-0: Called Strike 1-1: Ball 2-1: Called Strike 2-2: Ball 3-2: Foul Ball, location: 2F 3-2: Base on Balls
|
Pitching: RHP David Mendoza
|
|
Batting: SHB Tze-meng Gan
|
0-0: Foul Ball, location: 2F 0-1: Foul Ball, location: 2F 0-2: Ball 1-2: Fly out, F8 (Flyball, 8RD, EV 98.1 MPH)
|
Batting: RHB Alberto Cotto
|
0-0: Called Strike 0-1: Ball 1-1: Called Strike 1-2: Foul Ball, location: 2F 1-2: Foul Ball, location: 2F 1-2: Strikes out looking
|
Top of the 7th over - 0 runs, 0 hits, 0 errors, 1 left on base; Miami 0 - Arizona 7 |
BOTTOM OF THE 7TH |
Arizona Diamondbacks batting - Pitching for Miami Marlins : RHP Nick Newmaster
|
Now in LF: Adam McGurn
|
|
Batting: LHB Roy Steigerwald
|
0-0: Called Strike 0-1: Ball 1-1: Ball 2-1: Ball 3-1: Base on Balls
|
Batting: RHB Jim Zucco
|
0-0: Ball 1-0: Swinging Strike 1-1: Foul Ball, location: 2F 1-2: Ball 2-2: Ball 3-2: Foul Ball, location: 2F 3-2: Foul Ball, location: 2F 3-2: Strikes out looking Roy Steigerwald steals 2nd base (no throw) Batter strikes out.
|
Pitching: RHP Mike Powell
|
|
Batting: LHB Bobby Arevalo
|
0-0: Called Strike 0-1: Foul Ball, location: 2F 0-2: Ball 1-2: Ball 2-2: Strikes out looking
|
Batting: LHB Mike Mentzer
|
0-0: Called Strike 0-1: Called Strike 0-2: Strikes out swinging
|
Bottom of the 7th over - 0 runs, 0 hits, 0 errors, 1 left on base; Miami 0 - Arizona 7 |
TOP OF THE 8TH |
Miami Marlins batting - Pitching for Arizona Diamondbacks : RHP David Mendoza
|
Batting: RHB Steve Barnard
|
0-0: Ball 1-0: Called Strike 1-1: Foul Ball, location: 2F 1-2: Foul Ball, location: 2F 1-2: Ball 2-2: Fly out, F9 (Flyball, 89S, EV 90.6 MPH)
|
Batting: RHB Roger Salazar
|
0-0: Foul Ball, location: 2F 0-1: Ground out 2-3 (Groundball, 13S, EV 68.8 MPH)
|
Batting: RHB Micah Christopher
|
0-0: Ball 1-0: Called Strike 1-1: Ground out 1-3 (Groundball, 34S, EV 61.9 MPH)
|
Top of the 8th over - 0 runs, 0 hits, 0 errors, 0 left on base; Miami 0 - Arizona 7 |
BOTTOM OF THE 8TH |
Arizona Diamondbacks batting - Pitching for Miami Marlins : RHP Mike Powell
|
Batting: RHB Katilimomi Kelekolio
|
0-0: Called Strike 0-1: Ball 1-1: Ball 2-1: Ball 3-1: Base on Balls
|
Batting: LHB Eric Klasek
|
0-0: Ball 1-0: Swinging Strike 1-1: Ball 2-1: Grounds into double play, 5-4-3 (Groundball, 56, EV 92.5 MPH)
|
Batting: RHB Andy Swaim
|
0-0: Ball 1-0: Ball 2-0: SINGLE (Groundball, 34, EV 103.8 MPH)
|
Batting: SHB Alec Thorpe
|
0-0: Ball 1-0: Ball 2-0: SINGLE (Line Drive, 89M, EV 90.6 MPH) Andy Swaim to second Runner from 2nd tries for 3rd, SAFE, throw by RF made at trailing runner, OUT! 9-6
|
Bottom of the 8th over - 0 runs, 2 hits, 0 errors, 1 left on base; Miami 0 - Arizona 7 |
TOP OF THE 9TH |
Miami Marlins batting - Pitching for Arizona Diamondbacks : RHP David Mendoza
|
Batting: LHB Andre Gorter
|
0-0: Foul Ball, location: 2F 0-1: Swinging Strike 0-2: Foul Ball, location: 2F 0-2: Strikes out swinging
|
Batting: RHB Jimmy Groseclose
|
0-0: Ball 1-0: Ball 2-0: Foul Ball, location: 2F 2-1: Ball 3-1: Base on Balls
|
Batting: LHB Brad Turner
|
0-0: Ball 1-0: Ball 2-0: Called Strike 2-1: Called Strike 2-2: Ball 3-2: Base on Balls Jimmy Groseclose to second
|
Pitching: RHP Nick Burcham
|
|
Batting: RHB Adam McGurn
|
0-0: Fly out, F7 (Line Drive, 78M, EV 106.2 MPH)
|
Batting: SHB Tze-meng Gan
|
0-0: Swinging Strike 0-1: Ball 1-1: Swinging Strike 1-2: Ball 2-2: Strikes out swinging
|
Top of the 9th over - 0 runs, 0 hits, 0 errors, 2 left on base; Miami 0 - Arizona 7 |
|